Map: 2000 Atmospheres LE

Players

Ozgur - Winner!

  • Race: Zerg Zerg
  • Spawn Location: 7:00

A.I. 1 (Easy)

  • Race: Protoss Protoss
  • Spawn Location: 3:00

VOD

Have the link to the VOD?

Description

Time

  • Played on: Sept. 27, 2024, 11:54 a.m.
  • Length: 30:52
Show
View Real Time Build Order
Export as new Build Order

Ozgur Zerg - Winner!

Build Orders: Hatch First 

Get SALT Encoding   

  12  0:04  Drone  
  13  0:08  Drone  
  14  0:16  Overlord  
  14  0:35  Drone  
  14  0:36  Drone  
  16  0:45  Extractor  
  16  0:48  Drone  
  16  1:01  Drone  
  16  1:02  Drone  
  18  1:10  Drone  
  19  1:12  Hatchery  
  18  1:25  Spawning Pool  
  17  1:26  Drone  
  18  1:51  Drone  
  19  1:57  Extractor  
  19  1:59  Drone  
  19  2:18  Zergling x2  
  19  2:19  Zergling x4  
  22  2:24  Queen  
  24  2:31  Zergling x2  
  25  2:46  Queen  
  27  2:54  Zergling x2  
  27  2:56  Overlord  
  28  3:21  Spawning Pool  
  28  3:22  Drone x2, Queen  
  31  3:31  Zergling x4  
  31  3:32  Zergling x2  
  34  5:13  Lair  
  32  5:35  Hatchery  
  26  5:54  Drone x4  
  26  5:55  Drone  
  26  5:56  Drone x2  
  33  5:57  Overlord  
  33  6:08  Pneumatized Carapace  
  33  6:16  Overlord x2  
  33  7:04  Drone x2  
  33  7:05  Drone  
  36  7:09  Extractor  
  35  7:19  Queen  
  38  7:44  Zergling x8  
  38  7:45  Zergling x12  
  38  7:46  Zergling x6  
  50  7:55  Queen  
  52  8:04  Roach Warren  
  51  8:06  Evolution Chamber  
  50  9:02  Overlord x2  
  44  9:50  Roach x4  
  44  9:51  Roach x5  
  62  11:33  Glial Reconstitution  
  62  11:35  Zerg Melee Weapons Level 1  
  62  12:12  Drone x4  
  62  12:13  Drone x2  
  68  12:24  Roach x2  
  68  12:27  Overlord x2  
  72  12:52  Tunneling Claws  
  72  13:00  Overseer  
  60  13:30  Zerg Missile Weapons Level 1  
  58  13:56  Roach  
  58  13:57  Roach x6  
  58  13:58  Roach x2  
  76  14:18  Zergling x6  
  79  14:39  Overseer x2  
  79  14:46  Queen  
  81  15:18  Roach x3  
  87  15:21  Queen  
  87  15:24  Zerg Ground Armor Level 1  
  81  16:12  Queen  
  75  16:23  Hydralisk Den  
  74  16:50  Hatchery  
  52  17:09  Hatchery  
  52  17:11  Hydralisk x2  
  52  17:12  Hydralisk x6  
  52  17:13  Hydralisk  
  57  18:01  Grooved Spines  
  57  18:20  Queen  
  59  18:44  Queen  
  61  18:51  Muscular Augments  
  61  18:56  Queen  
  63  19:08  Roach x4  
  63  19:09  Roach x3  
  77  19:10  Overlord x2  
  77  19:28  Queen  
  79  19:32  Queen  
  81  20:03  Queen  
  57  21:01  Roach x4  
  57  21:02  Roach x5  
  75  21:26  Hydralisk x5  
  75  21:27  Hydralisk x4  
  79  23:17  Hydralisk x5  
  79  23:19  Hydralisk x2  
  93  23:21  Overlord x2  
  93  23:46  Hydralisk  
  93  23:47  Hydralisk x3  
  101  23:49  Overlord x3  
  91  24:07  Hydralisk x5  
  91  24:08  Hydralisk x4  
  97  25:28  Hatchery  
  96  25:45  Roach  
  96  25:46  Roach x4  
  96  25:47  Roach x5  
  96  25:48  Roach x2  
  120  26:06  Hydralisk x3  
  120  26:08  Overlord  
  120  26:09  Overlord x3  
  122  26:13  Overseer x2  
  122  26:16  Overseer x3  
  110  26:48  Hydralisk x3  
  110  26:49  Hydralisk x5  
  110  26:50  Hydralisk x4  
  134  27:05  Overseer  
  134  27:35  Hydralisk  
  134  27:36  Hydralisk x5  
  134  27:37  Hydralisk x6  
  142  27:43  Lair  
  158  27:58  Overseer  
  158  28:18  Hatchery  
  157  28:51  Ravager x2  
  157  28:52  Ravager x2  
  161  29:27  Overlord x3  
Show
View Real Time Build Order
Export as new Build Order

A.I. 1 (Easy) Protoss 

Build Orders:  

Get SALT Encoding   

  12  0:00  Probe  
  13  0:13  Probe  
  14  0:19  Pylon  
  14  0:25  Probe  
  15  0:33  Probe  
  16  0:43  Assimilator  
  16  0:50  Gateway  
  16  0:53  Pylon  
  16  1:25  Probe  
  17  1:33  Probe  
  17  1:39  Zealot  
  20  1:42  Cybernetics Core  
  20  1:43  Probe  
  21  1:49  Pylon  
  21  1:55  Probe  
  22  2:05  Probe  
  23  2:13  Probe  
  23  2:18  Warp Gate  
  23  2:19  Adept  
  26  2:46  Stalker  
  28  4:50  Probe  
  28  4:54  Zealot  
  28  4:55  Assimilator  
  28  4:57  Robotics Facility  
  31  5:00  Pylon  
  31  5:15  Stalker  
  31  5:18  Probe  
  34  5:31  Probe  
  33  5:36  Sentry  
  33  5:43  Probe  
  33  5:44  Observer  
  33  5:56  Nexus  
  33  5:58  Stalker  
  33  6:02  Observer  
  36  6:21  Zealot  
  37  7:09  Probe x2  
  39  7:17  Assimilator  
  39  7:18  Probe  
  39  7:19  Assimilator  
  39  7:21  Probe  
  41  7:26  Probe  
  41  7:33  Probe  
  41  7:35  Probe  
  44  7:45  Probe  
  44  7:47  Probe  
  46  7:57  Probe  
  47  8:00  Probe  
  48  8:08  Probe  
  48  8:09  Probe  
  50  8:18  Probe  
  50  8:20  Probe  
  52  8:28  Probe  
  52  8:30  Probe  
  54  8:36  Probe  
  54  8:40  Stalker x2  
  55  8:42  Probe  
  55  8:45  Pylon  
  55  8:46  Warp Prism  
  55  8:48  Probe  
  57  8:51  Gateway  
  57  8:52  Twilight Council  
  57  8:55  Forge  
  59  8:58  Robotics Bay  
  59  9:01  Stargate  
  59  9:07  Pylon  
  59  9:15  Observer  
  59  9:18  Protoss Ground Weapons Level 1  
  58  9:25  Zealot  
  56  9:32  Templar Archives, Warp Prism  
  54  9:43  Gateway  
  54  9:44  Gravitic Boosters  
  54  9:48  Stalker  
  56  10:11  Stalker  
  58  10:34  High Templar  
  58  10:35  Gravitic Drive  
  60  10:57  High Templar  
  60  11:02  Protoss Ground Armor Level 1  
  62  11:20  High Templar, Archon  
  64  11:43  High Templar  
  66  12:04  Nexus  
  66  12:06  Archon  
  66  12:07  High Templar  
  68  12:30  High Templar  
  68  12:32  Pylon  
  70  12:53  Protoss Ground Weapons Level 2  
  70  12:56  Stalker  
  72  12:59  Pylon  
  72  13:02  Protoss Air Weapons Level 1  
  72  13:06  Zealot  
  68  13:16  Stalker  
  68  13:17  Probe  
  65  13:21  Probe  
  65  13:24  Assimilator  
  65  13:26  Probe, Stalker  
  63  13:30  Probe  
  63  13:31  Assimilator  
  64  13:34  Probe  
  64  13:35  Stalker  
  67  13:42  Probe  
  67  13:44  Sentry  
  67  13:46  Probe  
  65  13:51  Probe  
  65  13:54  Void Ray  
  65  13:55  Probe  
  71  13:59  Probe  
  72  14:03  Stalker  
  72  14:04  Probe  
  75  14:12  Zealot  
  77  14:22  Stalker  
  79  14:28  Immortal  
  83  14:51  Protoss Ground Armor Level 2  
  83  14:57  Protoss Air Armor Level 1  
  83  16:03  Zealot  
  77  16:13  Sentry  
  75  16:22  Stalker  
  77  16:32  Sentry  
  79  16:37  Pylon  
  79  16:42  High Templar  
  81  16:52  High Templar  
  77  17:02  Stalker  
  75  17:12  Sentry  
  77  17:23  Void Ray  
  77  17:37  Zealot  
  79  17:47  Zealot  
  81  17:57  Stalker  
  83  18:01  Observer  
  77  18:07  Stalker  
  79  18:17  Stalker, Archon  
  81  18:27  High Templar  
  83  18:36  Nexus  
  83  18:37  High Templar  
  85  18:55  High Templar, Archon  
  87  19:05  High Templar  
  89  19:41  Observer  
  89  20:00  Assimilator  
  89  20:03  Assimilator  
  89  20:17  Adept  
  91  20:25  Adept  
  91  20:30  Observer  
  91  20:34  Adept  
  83  20:39  Void Ray  
  69  20:51  Probe  
  69  20:52  Zealot  
  69  21:00  Zealot  
  71  21:09  Sentry  
  73  21:18  Stalker  
  75  21:26  Stalker  
  77  21:35  Stalker  
  79  21:52  Observer  
  83  21:55  Void Ray  
  83  21:59  Immortal  
  87  22:21  Stalker  
  66  22:30  Adept  
  66  22:34  Probe  
  61  22:38  Adept  
  61  22:39  Probe  
  56  22:47  Adept, Probe  
  56  22:49  Observer  
  55  22:52  Probe  
  55  22:55  Sentry  
  55  22:57  Probe x2  
  57  23:04  Adept  
  57  23:05  Probe  
  55  23:06  Probe  
  55  23:13  Adept  
  55  23:14  Probe  
  55  23:16  Probe  
  55  23:18  Nexus  
  55  23:19  Probe  
  59  23:21  Adept  
  62  23:27  Probe  
  63  23:35  Assimilator, Zealot  
  63  23:39  Assimilator  
  65  23:49  Stalker  
  67  23:58  Probe  
  67  24:01  Probe  
  68  24:03  Zealot  
  68  24:09  Probe  
  58  24:11  Fleet Beacon  
  58  24:13  Probe x2  
  53  24:17  Stalker  
  53  24:22  Probe  
  57  24:31  Stalker  
  59  24:44  Zealot  
  60  24:47  Probe  
  61  24:58  Stalker  
  63  25:01  Tempest  
  68  25:26  Zealot  
  70  25:41  Immortal  
  70  25:42  Probe, Nexus  
  67  25:44  Carrier  
  67  25:47  Probe  
  59  25:51  Probe  
  59  25:55  Probe  
  67  26:00  Probe  
  67  26:04  Probe  
  67  26:08  Probe, Stalker  
  61  26:17  Probe  
  53  26:19  Probe  
  53  26:23  Zealot  
  54  26:27  Probe  
  54  26:29  Probe  
  52  26:35  Probe  
  52  26:37  Stalker  
  52  26:39  Observer  
  48  26:41  Probe  
  42  26:50  Stalker  
  43  26:54  Pylon  
  43  26:57  Probe  
  43  27:01  Probe  
  43  27:05  Probe, Zealot  
  43  27:07  Assimilator  
  43  27:08  Probe  
  44  27:14  Probe  
  40  27:18  Probe  
  40  27:22  Assimilator  
  42  27:26  Probe  
  34  28:01  Pylon  
  34  28:04  Pylon  
  34  28:09  Pylon  
  33  28:24  Gateway  
  33  28:31  Pylon  
  33  28:50  Pylon  
  33  28:54  Pylon  
  17  29:11  Pylon  
  17  29:18  Pylon  
Tags
 
Add a new tag
Caveats
  • Supply blocks, unpowered buildings, or Contaminate may cause inaccurate times.
  • Supply counts are checked every 10 seconds.